 Dungeon Crawl Stone Soup version 0.30-a0-965-g42e074c17a (webtiles) character file.

Game seed: 3809001416315536658

20736 ragingrage the Zephyrmancer (level 12, 0/75 HPs)
             Began as a Tengu Air Elementalist on Mar 30, 2023.
             Was a Believer of Vehumet.
             Slain by a centaur warrior simulacrum (28 damage)
             ... in a Gauntlet.
             The game lasted 00:20:14 (19390 turns).

ragingrage the Zephyrmancer (TeAE)                 Turns: 19390, Time: 00:20:15

Health: 0/75       AC: 14    Str:  9    XL:     12   Next: 82%
Magic:  19/23      EV: 22    Int: 20    God:    Vehumet [**....]
Gold:   869        SH:  0    Dex: 15    Spells: 9/25 levels left

rFire   . . .      SeeInvis .    a - staff of conjuration
rCold   . . .      Faith    .    h - orb {*channel}
rNeg    . . .      Spirit   .    d - +1 swamp dragon scales
rPois   +          Reflect  .    (helmet restricted)
rElec   .          Rampage  .    (no cloak)
rCorr   .          NoTele   +    x - +2 pair of gloves
Will    .....                    (boots unavailable)
Stlth   ++                       K - amulet of magic regeneration
HPRegen 0.32/turn                s - +5 ring of evasion
MPRegen 0.58/turn                (no ring)

@: flying quickly and evasively, quick
A: beak, talons 3, nimble flight
a: Renounce Religion


You were in a Gauntlet.
You worshipped Vehumet.
Vehumet was pleased with you.
You visited 3 branches of the dungeon, and saw 14 of its levels.
You also visited: Gauntlet.

You collected 869 gold pieces.

Inventory:

Hand Weapons
 b - a +2 dagger of venom
 H - the +1 falchion "Ohear" {holy, +Blink Stlth+}
   (You found it on level 10 of the Dungeon)

   +Blink:    It lets you blink.
   Stlth:     It makes you more stealthy.
Missiles
 i - 44 poisoned darts
 u - 2 throwing nets
Armour
 d - +1 swamp dragon scales (worn)
 h - an orb of energy (worn)
 x - a +2 pair of gloves (worn)
 F - a +0 buckler
Magical Staves
 a - a staff of conjuration (weapon)
Jewellery
 s - a +5 ring of evasion (left hand)
 K - an amulet of magic regeneration (around neck)
 L - a ring of poison resistance
Wands
 l - a wand of digging (7)
 m - a wand of quicksilver (5)
 r - a wand of polymorph (7)
 y - a wand of charming (5)
 z - a wand of flame (17)
Scrolls
 c - 3 scrolls of enchant weapon
 e - a scroll of fear {unknown}
 f - a scroll of summoning {unknown}
 j - 2 scrolls of blinking
 o - 2 scrolls of amnesia
 q - 2 scrolls of teleportation
 w - a scroll of silence {unknown}
 A - 2 scrolls of immolation
 D - a scroll of vulnerability
 E - 4 scrolls of magic mapping
 G - a scroll of brand weapon {unknown}
Potions
 g - 5 potions of magic
 k - 2 potions of curing
 n - a potion of resistance
 p - 5 potions of mutation
 t - 3 potions of attraction
 v - a potion of heal wounds {unknown}
 B - 2 potions of brilliance
 C - 3 potions of haste
 I - a potion of lignification {unknown}
 J - a potion of might {unknown}


   Skills:
 + Level 8.4 Fighting
 + Level 9.5 Armour
 + Level 10.4 Dodging
 - Level 2.8 Stealth
 - Level 7.0 Spellcasting
 - Level 9.0 Conjurations
 + Level 3.3 Translocations
 - Level 13.0 Air Magic


You had 9 spell levels left.
You knew the following spells:

 Your Spells              Type           Power      Damage    Failure   Level
a - Shock                 Conj/Air       100%       1d9       2%          1
b - Static Discharge      Conj/Air       100%       2-7/arc   3%          2
c - Swiftness             Air            56%        N/A       2%          3
d - Airstrike             Air            28%        2d(4-20)  5%          4
e - Iskenderun's Mystic   Conj/Tloc      47%        2d10      36%         4
f - Blink                 Tloc           40%        N/A       22%         2

Your spell library contained the following spells:

 Spells                   Type           Power      Damage    Failure   Level
 Scorch                   Fire           14%        2d5       54%         2
 Momentum Strike          Conj/Tloc      94%        3d10      10%         2
 Kindle Blastsparks       Fire/Tloc/Air  56%        2d14      19%         3
 Lesser Beckoning         Tloc           40%        N/A       22%         2
 Gell's Gravitas          Tloc           20%        N/A       34%         3
 Teleport Other           Tloc           20%        N/A       34%         3
 Fulminant Prism          Conj/Hex       18%        3d10      54%         4
 Animate Armour           Summ/Erth      14%        N/A       98%         4
 Leda's Liquefaction      Hex/Erth       3%         N/A       98%         4
 Blade Hands              Tmut           3%         N/A       100%        5
 Lee's Rapid Deconstruct  Erth           3%         3d5*      100%        5
 Dispersal                Tloc           10%        N/A       100%        6
 Eringya's Noxious Bog    Tmut/Pois      3%         N/A       100%        6
 Iron Shot                Conj/Erth      18%        9d4       100%        6


Dungeon Overview and Level Annotations

Branches:
Dungeon (11/15)            Temple (1/1) D:7            Lair (2/5) D:10
  Snake (0/4) Lair:2          Orc (0/2) D:9         Gauntlet (1/1)
  Swamp: Lair:2-3    Shoals: Lair:2-3

Altars:
Ashenzari
Cheibriados
Dithmenos
Elyvilon
Fedhas
Gozag
Hepliaklqana
Kikubaaqudgha
Makhleb
Nemelex Xobeh
Okawaru
Qazlal
Ru
Sif Muna
Trog
Uskayaw
Vehumet
Wu Jian
Xom
Yredelemnul
Zin
The Shining One

Annotations:
D:7 exclusion: downstairs
D:11 exclusions: 2 fire bats, salamander tyrant, smoke demon and 2 more exclusions
Lair:1 1 runed translucent door Gauntlet 5 transporters


Innate Abilities, Weirdness & Mutations

You have a beak for a mouth.
You have claws for feet.
Your magical nature lets you fly swiftly and evasively.


Message History

You feel a surge of power!
The centaur warrior simulacrum is struck by an arc of lightning.
You are struck by an arc of lightning.
The centaur warrior simulacrum is struck by an arc of lightning.
The lightning grounds out.
The centaur warrior simulacrum barely misses you.
The centaur warrior simulacrum closely misses you. x2
The centaur warrior simulacrum misses you.
Casting: Static Discharge (safe; 3% risk of failure)
You feel a surge of power!
The centaur warrior simulacrum is struck by an arc of lightning!
The centaur warrior simulacrum vaporises!
Vehumet accepts your kill.
You feel your power returning.
You are struck by an arc of lightning.
You start resting.
A cane toad simulacrum is nearby!
You start resting.
A cane toad simulacrum is nearby!
You see here an amulet of regeneration.
Aiming: Throw Flame
Aim: a centaur warrior simulacrum (97% to hit)
The puff of flame hits the centaur warrior simulacrum.
The centaur warrior simulacrum melts!
Aiming: Throw Flame
Aim: a centaur warrior simulacrum (moderately damaged, 97% to hit)
The puff of flame hits the centaur warrior simulacrum!
The centaur warrior simulacrum melts!
The centaur warrior simulacrum hits you but does no damage.
The centaur warrior simulacrum misses you.
Hit: a) staff of conjuration
Aim: a centaur warrior simulacrum (severely damaged, about 12% to evade your staff of conjuration)
Okay, then.
Okay, then.
Unknown command.
Aiming: Airstrike (dangerous; 5% risk of failure)
Aim: a centaur warrior simulacrum (severely damaged, empty space bonus: 2/8)
The air twists around and strikes the centaur warrior simulacrum.
The centaur warrior simulacrum hits you.
The centaur warrior simulacrum freezes you!!
You die...

#.8.≈8≈.8.#...#.8...###
#....≈....#.©.#.....#
####...###########..###
...#...#.........#..#8#
...#...#..##.##..#..###
...#...#Z#..#..#.#..#####
.#.#...#.#..#..#!#..#≈8≈#
#.§#...#..#####.Z#..#...#
.#.#...#.#.©#..#@#..#.8.#
...#...#.#..#..#.#..#...#
...#...#..##.##..#..#.8.#
...#...#..Z......#..#...#
####..§###########..#...#
.....≈§§...........≈#.©.#.
....§8≈............∩#.....#
....§≈§§...........≈#.©.#.#
####§..###########..#...#.#


You could see a centaur warrior simulacrum.

Vanquished Creatures
  A boulder beetle (D:10)
  6 two-headed ogres
  3 death yaks
  A sixfirhy (Gauntlet)
  Pikel (D:9)
  An ugly thing (D:11)
  A black mamba (Lair:1)
  A cane toad (Lair:1)
  Maggie (D:6)
  An unseen horror (D:10)
  4 kobold demonologists (D:9)
  2 komodo dragons (Lair:1)
  3 trolls
  A raiju (Gauntlet)
  4 blink frogs (Lair:2)
  2 centaur simulacra (Gauntlet)
  Sigmund (D:2)
  2 shadows
  18 yaks
  A wyvern (D:8)
  4 steam dragons
  3 vampire mosquitoes (D:10)
  3 acid dragons
  A naga (Lair:2)
  2 swamp worms (Gauntlet)
  5 water moccasins
  3 orc warriors
  2 ice beasts (D:7)
  2 centaurs
  3 wolves (Lair:2)
  2 phantoms
  2 bullfrogs
  3 kobold brigands
  3 scorpions
  4 gnoll sergeants
  3 wights (D:8)
  10 killer bees
  A howler monkey (D:6)
  3 hounds
  A lava snake (D:10)
  8 orc priests
  A gnoll bouda (D:8)
  3 sleepcaps
  Jessica (D:2)
  6 iguanas
  8 orc wizards
  Natasha (thrice) (D:2)
  24 gnolls
  4 adders
  A white imp (D:7)
  3 ufetubi
  2 worms
  3 dart slugs
  38 orcs
  3 endoplasms
  3 giant cockroaches
  11 goblins
  6 hobgoblins
  10 jackals
  3 quokkas
  3 ball pythons
  5 bats
  2 frilled lizards
  21 kobolds
  5 rats
  A spectral hobgoblin (D:3)
293 creatures vanquished.

Vanquished Creatures (others)
  An orc wizard (D:7)
  2 orcs (D:7)
  2 fungi (Lair:1)
  8 plants
13 creatures vanquished.

Grand Total: 306 creatures vanquished

Notes
Turn   | Place    | Note
-------+----------+-------------------------------------------
     0 | D:1      | ragingrage the Tengu Air Elementalist began the quest for
                  | the Orb.
     0 | D:1      | Reached XP level 1. HP: 10/10 MP: 4/4
   196 | D:1      | Reached XP level 2. HP: 15/15 MP: 3/6
   568 | D:1      | Reached XP level 3. HP: 19/19 MP: 4/7
   755 | D:1      | Learned a level 2 spell: Static Discharge
   759 | D:1      | Learned a level 3 spell: Swiftness
  1035 | D:2      | Noticed Natasha
  1041 | D:2      | Killed Natasha
  1042 | D:2      | Reached skill level 5 in Air Magic
  1261 | D:2      | Reached XP level 4. HP: 24/24 MP: 3/8
  1397 | D:2      | Noticed Jessica
  1400 | D:2      | Killed Jessica
  1524 | D:2      | Noticed Sigmund
  1960 | D:2      | Noticed Natasha
  1965 | D:2      | Killed Natasha
  1966 | D:2      | Gained mutation: Your magical nature lets you fly swiftly
                  | and evasively. [Tengu growth]
  1966 | D:2      | Reached XP level 5. HP: 13/28 MP: 4/9
  2275 | D:2      | Noticed Natasha
  2281 | D:2      | Killed Natasha
  2510 | D:3      | Reached skill level 6 in Air Magic
  3062 | D:3      | Reached skill level 5 in Conjurations
  3129 | D:3      | Reached XP level 6. HP: 20/32 MP: 2/10
  3429 | D:3      | Reached skill level 7 in Air Magic
  3625 | D:3      | Found a hazy altar of Hepliaklqana.
  3935 | D:4      | Found an iron altar of Okawaru.
  4195 | D:4      | Reached skill level 8 in Air Magic
  4195 | D:4      | Reached XP level 7. HP: 31/36 MP: 0/11
  4515 | D:4      | Got the Essays on Spelunking and Vitiation
  4814 | D:5      | Entered Level 5 of the Dungeon
  5188 | D:5      | Reached skill level 9 in Air Magic
  5193 | D:5      | Learned a level 4 spell: Airstrike
  5353 | D:5      | Reached skill level 1 in Fighting
  5353 | D:5      | Reached skill level 1 in Armour
  5516 | D:5      | Found a sacrificial altar of Ru.
  5745 | D:5      | Reached XP level 8. HP: 43/43 MP: 0/12
  6295 | D:6      | Found a basalt altar of Yredelemnul.
  7137 | D:6      | Noticed Maggie
  7369 | D:6      | Killed Maggie
  7370 | D:6      | Reached skill level 10 in Air Magic
  7370 | D:6      | Reached XP level 9. HP: 51/51 MP: 5/15
  8150 | D:7      | Reached skill level 5 in Dodging
  8793 | D:7      | Found a staircase to the Ecumenical Temple.
  8803 | Temple   | Entered the Ecumenical Temple
  8853 | Temple   | Became a worshipper of Vehumet
  9373 | D:7      | Learned a level 4 spell: Iskenderun's Mystic Blast
  9505 | D:8      | Noticed a two-headed ogre
  9618 | D:8      | Noticed a two-headed ogre
  9791 | D:8      | Killed a two-headed ogre
  9792 | D:8      | Reached skill level 5 in Armour
  9792 | D:8      | Reached skill level 1 in Translocations
  9792 | D:8      | Reached skill level 11 in Air Magic
  9792 | D:8      | Reached XP level 10. HP: 58/58 MP: 4/18
 10219 | D:8      | Reached skill level 5 in Spellcasting
 10340 | D:8      | Killed a two-headed ogre
 10341 | D:8      | Reached skill level 5 in Fighting
 10563 | D:8      | Reached * piety under Vehumet
 10563 | D:8      | Offered knowledge of Magic Dart by Vehumet.
 10587 | D:9      | Noticed a two-headed ogre
 10680 | D:9      | Killed a two-headed ogre
 10848 | D:9      | Found a staircase to the Orcish Mines.
 10990 | D:9      | Noticed a kobold demonologist
 10994 | D:9      | Noticed a sun demon
 10995 | D:9      | Noticed a rust devil
 10995 | D:9      | Killed a kobold demonologist
 11126 | D:9      | Noticed Pikel
 11128 | D:9      | Killed Pikel
 11382 | D:9      | Reached XP level 11. HP: 43/63 MP: 9/21
 11384 | D:9      | Reached skill level 12 in Air Magic
 11402 | D:9      | Noticed a two-headed ogre
 11602 | D:10     | Entered Level 10 of the Dungeon
 11622 | D:10     | Found a stormy altar of Qazlal.
 12035 | D:10     | Found a blossoming altar of Fedhas.
 12176 | D:10     | Noticed a death yak
 12310 | D:10     | Found a staircase to the Lair.
 12314 | D:10     | Noticed a death yak
 12323 | D:10     | Noticed a death yak
 12324 | D:10     | Killed a death yak
 12916 | D:9      | Killed a two-headed ogre
 13093 | D:9      | Reached ** piety under Vehumet
 13245 | D:8      | Offered knowledge of Scorch by Vehumet.
 13736 | D:2      | Killed Sigmund
 14032 | D:9      | Killed a death yak
 14223 | D:10     | Reached skill level 13 in Air Magic
 14436 | D:10     | Noticed a two-headed ogre
 14444 | D:10     | Killed a two-headed ogre
 14672 | D:9      | Reached XP level 12. HP: 71/71 MP: 14/23
 14825 | D:10     | Found an ancient bone altar of Kikubaaqudgha.
 14825 | D:10     | Found a sparkling altar of Nemelex Xobeh.
 14872 | D:10     | Found a bloodstained altar of Trog.
 15079 | D:10     | Found a shadowy altar of Dithmenos.
 15181 | D:10     | Killed a death yak
 15293 | D:10     | Identified the +1 falchion "Ohear" {holy, +Blink Stlth+}
 16126 | D:9      | Found a staircase to the Orcish Mines.
 16670 | D:11     | Noticed a centaur warrior
 16670 | D:11     | Noticed a boulder beetle
 16670 | D:11     | Noticed a boulder beetle
 16701 | D:11     | Noticed a centaur warrior
 16705 | D:11     | Noticed an ogre mage
 16725 | D:11     | Noticed an ogre mage
 16744 | D:11     | Identified the staff of death "Alouth" {rPois rC+ rN+
                  | Stlth+}
 16758 | D:11     | Noticed a two-headed ogre
 16762 | D:11     | Killed a two-headed ogre
 16853 | D:11     | Noticed a boulder beetle
 16865 | D:11     | Noticed a salamander tyrant
 16906 | D:10     | Killed a boulder beetle
 17065 | Lair:1   | Entered Level 1 of the Lair of Beasts
 17735 | Lair:1   | Reached skill level 10 in Dodging
 18054 | Lair:1   | Found a runed translucent door.
 18054 | Lair:1   | Found the +3 crown of Dyrovepreva {rElec Int+2 SInv}
 18618 | Lair:2   | Found a staircase to the Snake Pit.
 18631 | Lair:2   | Found a gate leading to a gauntlet.
 18651 | Lair:2   | Learned a level 2 spell: Blink
 18686 | Gauntlet | Entered a Gauntlet
 18686 | Gauntlet | Found a transporter.
 18686 | Gauntlet | Found a transporter.
 18686 | Gauntlet | Found a transporter.
 18687 | Gauntlet | Found a transporter.
 18690 | Gauntlet | Found a transporter.
 18698 | Gauntlet | Noticed a catoblepas
 18700 | Gauntlet | Found a transporter.
 18715 | Gauntlet | Found a transporter.
 18720 | Gauntlet | Found a transporter.
 18742 | Gauntlet | Found a transporter.
 18748 | Gauntlet | Found a transporter.
 18766 | Gauntlet | Found a transporter.
 18821 | Gauntlet | Found a transporter.
 19390 | Gauntlet | Slain by a centaur warrior simulacrum

Illustrated notes

Levels and vault maps discovered:
D:1:      dpeg_arrival_radiant, layout_loops_cross
D:2:      layout_basic, uniq_jessica, uniq_natasha, uniq_sigmund
D:3:      layout_loops_ring, nicolae_hepliaklqana_monster_ancestors,
          minmay_distorted
D:4:      layout_basic, marbit_many_paths, serial_park_tiny_2, amethyst_killhole
D:5:      layout_loops_ring, kennysheep_mini_moat
D:6:      layout_basic, yredelemnul_altar_generic, grunt_decor_clamped,
          grunt_ministairs_1, uniq_maggie
D:7:      layout_basic, minmay_temple_entry_poolview, kennysheep_small_spiral,
          st_stairs_10
D:8:      layout_cave_pools
D:9:      layout_stronghold, orc_0_dummy, serial_column_ruins,
          column_ruins_hut_ruined, column_ruins_grid_1,
          column_ruins_columns_corner, column_ruins_grid_2, eino_jars,
          uniq_pikel
D:10:     layout_long_grid, mainiacjoe_overflow_catwalk,
          fedhas_bush_and_centaur_altar, nicolae_dithmenos_the_darkroom,
          nicolae_qazlal_style_of_elements, nicolae_overflow_two_pavilions,
          dpeg_lair_monsters
D:11:     minmay_firetagon, layout_layer_cave, serial_rivers,
          chequers_serial_rivers_micro_c, chequers_serial_rivers_micro_b,
          chequers_serial_rivers_micro_e, chequers_serial_rivers_micro_e,
          minivault_12
Temple:   minmay_temple_bridge_abc
Lair:1:   gammafunk_indiana_jones, layout_regular_city, st_stairs_9
Lair:2:   layout_layer_cave, palyth_hydra_swamp_entry,
          guppyfry_snake_entry_garden, gauntlet_entry_generic
Gauntlet: gammafunk_gauntlet_shortcut [gammafunk_gauntlet_arena_teeth,
          nicolae_gauntlet_arena_blocks, nicolae_gauntlet_arena_t_cross,
          gammafunk_gauntlet_arena_crates, gammafunk_gauntlet_arena_spirals,
          nicolae_gauntlet_arena_quarters, dreamdust_gauntlet_exit_labyrinth]

Skill      XL: |  1  2  3  4  5  6  7  8  9 10 11 12 |
---------------+-------------------------------------+-----
Conjurations   | 2 3 4 5 6 8 9 |  9.0
Air Magic      | 5 6 8 9 10 11 13 | 13.0
Fighting       | 1 3 4 5 6 8 |  8.4
Armour         | 1 3 5 6 7 9 |  9.5
Dodging        | 4 5 7 8 10 | 10.4
Spellcasting   | 3 4 6 7 |  7.0
Translocations | 1 3 |  3.3
Stealth        | |  2.8

Action                     |  1- 3 |  4- 6 |  7- 9 | 10-12 || total
---------------------------+-------+-------+-------+-------++-------
  Melee: Spear             |     6 |       |       |       ||     6
         Whip              |     4 |     7 |     5 |       ||    16
         Peck              |     1 |     1 |     3 |    14 ||    19
         Kick              |     1 |     2 |     3 |    19 ||    25
         Staff             |       |       |    10 |    40 ||    50
  Throw: Dart              |       |     1 |       |     5 ||     6
   Cast: Shock             |    41 |   123 |   179 |    16 ||   359
         Static Discharge  |       |     7 |    12 |    63 ||    82
         Airstrike         |       |       |    44 |   231 ||   275
         Swiftness         |       |       |     1 |     1 ||     2
  Evoke: Wand              |       |       |       |     3 ||     3
    Use: Scroll            |       |       |    11 |     7 ||    18
         Potion            |       |       |       |     3 ||     3
   Stab: Sleeping          |       |     1 |       |       ||     1
 Armour: Ring mail         |     5 |    14 |     5 |       ||    24
         Swamp dragon scal |       |       |    11 |    55 ||    66
  Dodge: Dodged            |     9 |    21 |    64 |   213 ||   307

Table legend: (Time is in decaauts)
 A = Elapsed time spent in this place.
 B = Non-inter-level travel time spent in this place.
 C = Inter-level travel time spent in this place.
 D = Time resting spent in this place.
 E = Time spent auto-exploring this place.
 F = Levels seen in this place.
 G = Mean time per level.
                   A        B        C        D        E       F      G
               +--------+--------+--------+--------+--------+-----+--------+
         Total |  18544 |  17619 |    925 |   4929 |  10190 |  15 | 1236.3 |
       Dungeon |  16272 |  15400 |    872 |   4209 |   9160 |  11 | 1479.3 |
        Temple |     64 |     52 |     12 |      0 |     28 |   1 |   64.0 |
          Lair |   1538 |   1499 |     39 |    454 |    850 |   2 |  769.0 |
      Gauntlet |    668 |    668 |      0 |    265 |    150 |   1 |  668.0 |
               +--------+--------+--------+--------+--------+-----+--------+

Top non-repeatable levels by time:
     D:9: 3013 daAuts
     D:7: 2173 daAuts
    D:10: 2025 daAuts
     D:6: 1577 daAuts
     D:2: 1559 daAuts
  Lair:1: 1349 daAuts
     D:5: 1333 daAuts
     D:3: 1179 daAuts
     D:4: 1073 daAuts
     D:1: 1037 daAuts
     D:8: 854 daAuts
Gauntlet: 668 daAuts
    D:11: 443 daAuts
  Lair:2: 189 daAuts
  Temple: 64 daAuts
